 Dungeon Crawl Stone Soup version 0.28-a0-1506-g3893175d92 (webtiles) character file.

Game seed: 682187564523535421

0 meatgazer the Skirmisher (level 1, -9/18 HPs)
             Began as a Demonspawn Abyssal Knight on Jan 13, 2022.
             Was a Follower of Lugonu.
             Mangled by a tentacled monstrosity (10 damage)
             ... on level 2 of the Abyss.
             The game lasted 00:00:25 (96 turns).

meatgazer the Skirmisher (Demonspawn Abyssal Knight)  Turns: 96, Time: 00:00:26

Health: -9/18      AC:  3    Str: 13    XL:     1   Next: 0%
Magic:  2/2        EV: 11    Int: 11    God:    Lugonu [*.....]
Gold:   0          SH:  0    Dex: 13    Spells: 0/0 levels left

rFire   . . .      SeeInvis .   a - +1 falchion
rCold   . . .      Faith    .   (no shield)
rNeg    . . .      Spirit   .   b - +0 leather armour
rPois   .          Reflect  .   (no helmet)
rElec   .          Harm     .   (no cloak)
rCorr   .          Rampage  .   (no gloves)
Will    .....                   (no boots)
Stlth   +.........              (no amulet)
HPRegen 0.06/turn               (no ring)
MPRegen 0.08/turn               (no ring)

@: no status effects
A: no striking features
a: Renounce Religion, Depart the Abyss


You were on level 2 of the Abyss.
You worshipped Lugonu.
Lugonu was aware of your devotion.
You visited 0 branches of the dungeon, and saw 0 of its levels.
You visited the Abyss 1 time.

Inventory:

Hand Weapons
 a - a +1 falchion (weapon)
Armour
 b - a +0 leather armour (worn)


   Skills:
 + Level 3.0 Fighting
 + Level 1.7 Long Blades
 + Level 1.7 Armour
 + Level 0.8 Dodging
 + Level 2.4 Invocations


You couldn't memorise any spells.
You didn't know any spells.
Your spell library was empty.

Dungeon Overview and Level Annotations

Branches:
Dungeon (0/15)

Altars:


Message History

Welcome, meatgazer the Demonspawn Abyssal Knight.
The Orb of Zot is coveted for many reasons.
Will you seize it for your own?
Lugonu says: Depart the Abyss and spread corruption, my servant! (use the ability menu to exit the Abyss) Press ? for a list of commands and other information.
Found a corrupted altar of Lugonu.
There is a corrupted altar of Lugonu here.
Found two portals.
There is a gateway leading deeper into the Abyss here.
You plunge deeper into the Abyss.
Found a corrupted altar of Lugonu.
A bone dragon comes into view.
A tentacled starspawn comes into view.
A tentacle flies out from the starspawn's body!
A starspawn tentacle comes into view.
A bone dragon comes into view.
A tentacled monstrosity comes into view.
A starspawn tentacle comes into view.
The tentacled monstrosity tentacle-slaps you.
The tentacled monstrosity tentacle-slaps you!
Ouch! That really hurt!
* * * LOW HITPOINT WARNING * * *
The tentacled monstrosity tentacle-slaps you!
Ouch! That really hurt!
You die...

.......###.....#..#..
..###........#.X#...#
#...#.. .....# #..#
#..#.##.#..#### #
....#..##...D.## #.
#.#.#..#X##..##
#...#.##..D...####
#..X.X.###..#
#.#.#@### ### #.# ###


You could see a bone dragon, a tentacled monstrosity and 2 tentacled starspawn.

Vanquished Creatures (others)
  4 starspawn tentacles (Abyss:2)
4 creatures vanquished.

Notes
Turn   | Place    | Note
-------+----------+-------------------------------------------
     0 | Abyss:1  | meatgazer the Demonspawn Abyssal Knight began the quest for
                  | the Orb.
     0 | Abyss:1  | Reached XP level 1. HP: 18/18 MP: 2/2
    16 | Abyss:2  | Found a corrupted altar of Lugonu.
    51 | Abyss:2  | Noticed a bone dragon
    60 | Abyss:2  | Noticed a tentacled starspawn
    69 | Abyss:2  | Noticed a bone dragon
    70 | Abyss:2  | Noticed a tentacled monstrosity
    71 | Abyss:2  | Noticed a wretched star
    90 | Abyss:2  | Noticed a tentacled starspawn
    96 | Abyss:2  | Mangled by a tentacled monstrosity

Illustrated notes

Levels and vault maps discovered:
Abyss:2:  base: Temple, hangedman_abyss_or_decor_stagger

Table legend: (Time is in decaauts)
 A = Elapsed time spent in this place.
 B = Non-inter-level travel time spent in this place.
 C = Inter-level travel time spent in this place.
 D = Time resting spent in this place.
 E = Time spent auto-exploring this place.
 F = Levels seen in this place.
 G = Mean time per level.
                   A        B        C        D        E       F      G
               +--------+--------+--------+--------+--------+-----+--------+
         Total |     95 |     95 |      0 |      0 |     43 |   2 |   47.5 |
         Abyss |     95 |     95 |      0 |      0 |     43 |   2 |   47.5 |
               +--------+--------+--------+--------+--------+-----+--------+

Top non-repeatable levels by time:
 Abyss:2: 85 daAuts
 Abyss:1: 10 daAuts
